 Dungeon Crawl Stone Soup version 0.31-a0-151-ge443d1f16c (webtiles) character file.

Game seed: 5380308776135560648

49 qw the Shooter (level 3, -5/21 HPs)
             Began as a Gargoyle Hunter on June 8, 2023.
             Slain by a gnoll
             ... wielding a +0 halberd
              (13 damage)
             ... on level 2 of the Dungeon.
             The game lasted 00:00:23 (1051 turns).

qw the Shooter (Gargoyle Hunter)                    Turns: 1051, Time: 00:00:23

Health: -5/21      AC:  8    Str: 14    XL:     3   Next: 75%
Magic:  3/3        EV: 10    Int:  9    God:
Gold:   100        SH:  0    Dex: 15    Spells: 2/2 levels left

rFire   . . .        Y - +1 shortbow
rCold   . . .        (shield currently unavailable)
rNeg    + . .        f - +0 ring mail
rPois   inf          (no helmet)
rElec   +            (no cloak)
rCorr   .            (no gloves)
SInv    .            (no boots)
Will    .....        (no amulet)
Stlth   +            (no ring)
HPRegen 0.23/turn    (no ring)
MPRegen 0.08/turn

%: no passive effects
@: no status effects
A: sickness immunity, AC +3, negative energy resistance 1, electricity
resistance, torment resistance 1, petrification resistance
a: no special abilities


You were on level 2 of the Dungeon.
You visited 1 branch of the dungeon, and saw 2 of its levels.

You collected 100 gold pieces.


Innate Abilities, Weirdness & Mutations

You are immune to sickness and miasma.
Your stone body is resilient. (AC +3)
You are immune to poison.
You resist negative energy. (rN+)
You are resistant to electric shocks. (rElec)
You are resistant to unholy torment.
You are immune to petrification.


   Skills:
 + Level 2.1 Fighting
 - Level 5.1 Ranged Weapons
 - Level 1.2 Armour
 - Level 1.5 Dodging
 - Level 1.1 Stealth


You had 2 spell levels left.
You didn't know any spells.
Your spell library was empty.

Inventory:

Hand Weapons
 Y - a +1 shortbow (weapon)
Armour
 a - a +0 helmet
 f - a +0 ring mail (worn)
Scrolls
 c - a scroll of summoning {unknown}
Potions
 b - a potion of degeneration {unknown}
 d - a potion of haste {unknown}
 i - a potion of curing {unknown}

Dungeon Overview and Level Annotations

Branches:
Dungeon (2/15)

Altars:


Message History

The worm bites you but does no damage.
You shoot an arrow. The arrow hits the worm.
The worm is heavily wounded.
A gnoll comes into view. It is wielding a +0 club.
You shoot an arrow. The arrow barely misses the worm.
The arrow hits the gnoll.
The gnoll is moderately wounded.
The gnoll barely misses you. The worm bites you!
You shoot an arrow.
The arrow hits the worm but does no damage.
The worm is heavily wounded.
The gnoll closely misses you. The worm bites you!
The gnoll completely misses you.
You shoot an arrow. The arrow hits the worm.
The worm is heavily wounded.
The gnoll misses you. The worm bites you but does no damage.
You shoot an arrow. The arrow hits the worm.
The worm is heavily wounded.
The gnoll barely misses you.
You shoot an arrow. The arrow hits the worm!
You kill the worm!
The gnoll barely misses you.
You shoot an arrow. The arrow barely misses the gnoll.
The arrow hits the gnoll.
The gnoll is moderately wounded.
The gnoll barely misses you. The gnoll hits you but does no damage.
You shoot an arrow. The arrow hits the gnoll!
The gnoll is heavily wounded.
The gnoll closely misses you.
You shoot an arrow. The arrow hits the gnoll!
You kill the gnoll!
The gnoll barely misses you. The gnoll hits you but does no damage.
Your Ranged Weapons skill increases to level 5!
You shoot an arrow. The arrow hits the gnoll!
The gnoll is heavily wounded.
The gnoll closely misses you.
You shoot an arrow. The arrow hits the gnoll!
You kill the gnoll!
The goblin throws a poisoned dart.
The poisoned dart hits you!
The gnoll hits you from afar with a +0 halberd!
Ouch! That really hurt!
You die...

#########
##.......##
#.8#####8.# #.##
##.# ###.# #@#
#...#..>.g%)#
#.#.#.8.8g#.#
#.#.##...##.#
#.#.8#### 8.#
#.##.. .##
#..##############
#.#
##..####........#
#.#
##......#.####.#
#.#


You could see a gnoll and a goblin.

Vanquished Creatures
  2 gnolls (D:2)
  2 worms (D:2)
  4 bats
  2 endoplasms (D:2)
  4 goblins
  2 hobgoblins (D:1)
  3 jackals (D:2)
  4 ball pythons
  2 frilled lizards
  3 kobolds (D:1)
  5 rats
33 creatures vanquished.

Notes
Turn   | Place    | Note
-------+----------+-------------------------------------------
     0 | D:1      | qw the Gargoyle Hunter began the quest for the Orb.
     0 | D:1      | Reached XP level 1. HP: 12/12 MP: 1/1
     0 | D:1      | 0 ||| qw: Version: 0.2-a-120-gdf1a93b
     0 | D:1      | 0 ||| qw: Game counter: 3084
     0 | D:1      | 0 ||| qw: Always use a shield: true
     0 | D:1      | 0 ||| qw: God list: Okawaru
     0 | D:1      | 0 ||| qw: Allow faded altars: false
     0 | D:1      | 0 ||| qw: Do Orc after D:15 true
     0 | D:1      | 0 ||| qw: Do second Lair branch before Depths: true
     0 | D:1      | 0 ||| qw: Lair rune preference: random
     0 | D:1      | 0 ||| qw: Plans: Normal
     0 | D:1      | 0 ||| PLANNING D:1-11
   242 | D:1      | Reached XP level 2. HP: 17/17 MP: 2/2
   582 | D:1      | 582 ||| UPGRADING to +0 ring mail.
   592 | D:1      | 592 ||| DROPPING +0 leather armour.
   593 | D:1      | 593 ||| READING scroll labelled OMUDEJ PEDAPISM.
   594 | D:1      | 594 ||| READING scroll labelled WAGOVV WUBA.
   595 | D:1      | 595 ||| READING scroll labelled GUIHIUTIRE.
   596 | D:1      | 596 ||| DROPPING scroll of butterflies.
   754 | D:2      | Reached skill level 1 in Armour
   754 | D:2      | Reached XP level 3. HP: 21/21 MP: 3/3
  1050 | D:2      | Reached skill level 5 in Ranged Weapons
  1051 | D:2      | Slain by a gnoll

Levels and vault maps discovered:
D:1:      eino_arrival_druids_welcome, layout_basic
D:2:      layout_loops_ring, grunt_ministairs_11, kennysheep_generic_room_10

Skill      XL: |  1  2  3 |
---------------+----------+-----
Armour         | 1 |  1.2
Ranged Weapons | 5 |  5.1
Fighting       | |  2.1
Dodging        | |  1.5
Stealth        | |  1.1

Action                     || total
---------------------------++-------
   Fire: Shortbow          ||    85
    Use: Scroll            ||     3
 Armour: Leather armour    ||     8
         Ring mail         ||     9
  Dodge: Dodged            ||    29

Table legend:
 A = Non-vault XP
 B = Vault XP
 C = Vault XP percentage of total XP
 D = Non-vault monster count
 E = Vault monster count
 F = Vault count percentage of total count
                 A         B        C        D         E       F
            +---------+---------+-------+---------+---------+-------
      Total |      50 |      34 |  40.5 |      30 |       3 |   9.1
            +---------+---------+-------+---------+---------+-------
        D:1 |      25 |       0 |   0.0 |      17 |       0 |   0.0
        D:2 |      25 |      34 |  57.6 |      13 |       3 |  18.8
            +---------+---------+-------+---------+---------+-------
